 Dungeon Crawl Stone Soup version 0.22.0-38-g04b72b8 (webtiles) character file.

2356 iamserjio the Carver (level 9, -1/48 HPs)
             Began as a Vine Stalker Monk on Aug 27, 2018.
             Was an Elder of Dithmenos.
             Slain by an orc warrior
             ... wielding a cursed -2 glaive
              (12 damage)
             ... on level 6 of the Dungeon.
             The game lasted 00:19:26 (6459 turns).

iamserjio the Carver (Vine Stalker Monk)            Turns: 6459, Time: 00:19:27

Health: -1/48      AC:  6    Str: 14    XL:     9   Next: 44%
Magic:  0/13       EV: 14    Int: 10    God:    Dithmenos [****..]
Gold:   393        SH:  0    Dex: 20    Spells: 8/8 levels left

rFire    . . .     SeeInvis .   a - +0 falchion
rCold    . . .     Gourm    .   (no shield)
rNeg     . . .     Faith    .   o - +0 leather armour
rPois    .         Spirit   +   k - +2 hat
rElec    .         Reflect  .   L - +0 cloak
rCorr    .         Harm     .   (no gloves)
MR       ++...                  (no boots)
Stlth    ++++++....             (no amulet)
HPRegen  0.56/turn              q - ring of stealth
MPRegen  0.13/turn              G - ring of protection from magic

@: wreathed by umbra
A: fangs 3, regeneration 1, magic shield, antimagic bite, no potion heal 3, rot
immunity
a: Shadow Step, Renounce Religion


You were on level 6 of the Dungeon.
You worshipped Dithmenos.
Dithmenos was greatly pleased with you.
You were near starving.

You visited 1 branch of the dungeon, and saw 6 of its levels.
You also visited: Sewer.

You collected 393 gold pieces.

Inventory:

Hand Weapons
 a - a +0 falchion (weapon)
 j - a +3 vampiric war axe
 s - a +0 short sword
 u - a cursed -1 dagger
 C - a -3 rapier
Missiles
 g - 110 arrows
 i - 27 sling bullets
Armour
 b - a +0 robe
 h - a +0 ring mail
 k - a +2 hat (worn)
 o - a +0 leather armour (worn)
 x - a +0 crystal plate armour
 L - a +0 cloak (worn)
Jewellery
 q - a ring of stealth (left hand)
 v - a cursed amulet of inaccuracy {unknown}
 G - a ring of protection from magic (right hand)
 J - a cursed ring of teleportation {unknown}
Wands
 r - a wand of digging (11)
 t - a wand of enslavement (17)
 D - a wand of clouds (5)
Scrolls
 e - 4 scrolls of blinking
 f - 2 scrolls of fog
 l - a scroll of enchant armour
 m - a scroll of magic mapping
 n - a scroll of remove curse {@r2}
 y - a scroll of teleportation {unknown}
 F - a scroll of amnesia {unknown}
 H - a scroll of identify {@r1}
 I - a scroll of vulnerability {unknown}
 K - a scroll of fear {unknown}
Potions
 d - a potion of curing {unknown}
 p - a potion of might {unknown}
 w - 2 potions of lignification {unknown}
 z - a potion of heal wounds {unknown}
 A - 2 potions of haste
 B - 2 potions of flight {unknown}
Comestibles
 c - 8 rations


   Skills:
 + Level 6.1 Fighting
 - Level 8.0 Long Blades
 * Level 3.6 Dodging
 + Level 5.4 Stealth
 - Level 4.3 Invocations
 - Level 1.0 Evocations


You had 8 spell levels left.
You didn't know any spells.
Your spell library contained the following spells:

 Spells                   Type           Power        Failure   Level  Hunger
 Magic Dart               Conj           #...         43%         1    ##.....
 Blink                    Tloc           N/A          58%         2    ###....
 Call Imp                 Summ           #.......     58%         2    ###....
 Slow                     Hex            #.......     58%         2    ###....
 Conjure Flame            Conj/Fire      #.......     82%         3    ####...
 Mephitic Cloud           Conj/Pois/Air  #.......     82%         3    ####...


Dungeon Overview and Level Annotations

Branches:
Dungeon (6/15)
 Temple: D:4-7

Altars:
Ashenzari
Cheibriados
Dithmenos
Hepliaklqana
Vehumet
Wu Jian
Zin


Innate Abilities, Weirdness & Mutations

You have razor-sharp teeth.
Your natural rate of healing is unusually fast.
When hurt, damage is shared between your health and your magic reserves.
Your bite disrupts and absorbs the magic of your enemies.
Potions cannot restore your health.
You are immune to rotting.


Message History

The orc warrior misses you.
You hit the orc warrior but do no damage.
You bite the orc warrior, but do no damage.
The orc warrior is severely wounded.
You hit the orc warrior but do no damage.
Your bite misses the orc warrior.
The orc warrior is severely wounded.
Your shadow closely misses the orc warrior.
The orc warrior misses you.
You riposte.
You hit the orc warrior but do no damage.
The orc warrior is severely wounded.
An orc wizard comes into view. It is wielding a spear.
You closely miss the orc warrior.
The orc warrior is severely wounded.
The orc warrior hits you with a glaive! The orc wizard hits you with a spear.
The orc wizard casts a spell at you. The puff of flame hits you!
* * * LOW HITPOINT WARNING * * *
The orc warrior hits you from afar with a glaive!
You die...

#...........# #.....# #.##...
#.......≈...# ##....# #.#####
#......♣♣≈..# #....# #.#
######.P≈≈≈## #....# #.#####
##≈♣≈P# #....# #......
##########.#######....###########
......................'......#
##################o...######.#
##########....@.o..## #.#
#....).......#####.# #.#
#.#########..# #.# #)#### #.#
#..# #.# #))... #.# #..# #)#
###### #.# #..# ###.# #.#
#..###.#.# #.# #..#.....# #.#
#..###.###


You could see an orc warrior and an orc wizard.

Vanquished Creatures
  Pikel (D:5)
  Sigmund (D:3)
  Eustachio (D:4)
  A black bear (D:6)
  A sky beast (D:5)
  2 slaves (D:5)
  An ogre (D:6)
  A centaur (D:5)
  A bullfrog (Sewer)
  A water moccasin zombie (D:5)
  2 scorpions (D:5)
  A howler monkey (D:4)
  3 crimson imps
  2 bullfrog zombies (D:5)
  4 orc priests
  A bullfrog skeleton (D:6)
  4 hounds
  Ijyb (D:4)
  3 iguanas
  5 worker ants
  2 hound skeletons
  11 gnolls
  7 adders
  2 worms
  A dart slug (D:1)
  7 leopard geckos
  15 orcs
  6 ball pythons
  9 bats
  11 giant cockroaches
  11 goblins
  8 hobgoblins
  16 jackals
  4 quokkas
  9 frilled lizards
  A giant cockroach zombie (D:5)
  8 kobolds
  11 rats
176 creatures vanquished.

Vanquished Creatures (others)
  2 slaves (D:5)
  A worker ant (D:5)
  3 orcs (D:5)
6 creatures vanquished.

Grand Total: 182 creatures vanquished

Notes
Turn   | Place    | Note
-------+----------+-------------------------------------------
     0 | D:1      | iamserjio the Vine Stalker Monk began the quest for the Orb.
     0 | D:1      | Reached XP level 1. HP: 11/11 MP: 2/2
    89 | D:1      | Reached XP level 2. HP: 16/16 MP: 3/3
   149 | D:1      | Reached skill level 3 in Long Blades
   490 | D:1      | Reached XP level 3. HP: 19/19 MP: 4/4
  1295 | D:2      | Gained mutation: Your natural rate of healing is unusually fast. [Vine Stalker growth]
  1295 | D:2      | Reached XP level 4. HP: 21/24 MP: 5/5
  1769 | D:2      | Found a shadowy altar of Dithmenos.
  1773 | D:2      | Reached skill level 4 in Long Blades
  2189 | D:2      | Became a worshipper of Dithmenos the Shadowed
  2189 | D:2      | Reached * piety under Dithmenos
  2189 | D:2      | Reached ** piety under Dithmenos
  2265 | D:3      | Reached XP level 5. HP: 28/28 MP: 6/6
  2316 | D:3      | Found a radiant altar of Vehumet.
  2370 | D:3      | Reached skill level 1 in Invocations
  2431 | D:3      | Noticed Sigmund
  2830 | D:3      | Killed Sigmund
  2830 | D:3      | Reached skill level 5 in Long Blades
  2830 | D:3      | Reached XP level 6. HP: 33/33 MP: 6/8
  3197 | D:3      | Found a snail-covered altar of Cheibriados.
  3293 | D:4      | Noticed Ijyb
  3307 | D:4      | Found a hazy altar of Hepliaklqana.
  3331 | D:4      | Killed Ijyb
  3422 | D:4      | Reached XP level 7. HP: 29/37 MP: 9/9
  3457 | D:4      | Reached *** piety under Dithmenos
  3538 | D:4      | Found a shattered altar of Ashenzari.
  3826 | D:4      | Noticed Eustachio
  3852 | D:4      | Killed Eustachio
  3852 | D:4      | Reached skill level 6 in Long Blades
  4163 | D:4      | Found a glowing silver altar of Zin.
  4447 | D:5      | Entered Level 5 of the Dungeon
  4454 | D:5      | Gained mutation: You have razor-sharp teeth. [Vine Stalker growth]
  4454 | D:5      | Reached XP level 8. HP: 30/42 MP: 9/11
  4471 | D:5      | Reached skill level 5 in Fighting
  4641 | D:5      | Reached skill level 7 in Long Blades
  4646 | D:5      | Found an ornate altar of the Wu Jian Council.
  4652 | D:5      | Noticed Pikel
  4919 | D:5      | Found a glowing drain.
  4925 | D:5      | Killed Pikel
  4925 | D:5      | Reached XP level 9. HP: 46/48 MP: 9/13
  4944 | Sewer    | Entered a sewer
  5077 | Sewer    | Reached **** piety under Dithmenos
  5166 | Sewer    | Reached skill level 8 in Long Blades
  5514 | D:6      | Reached skill level 5 in Stealth
  5981 | D:6      | Reached skill level 1 in Evocations
  6459 | D:6      | Slain by an orc warrior

Skill      XL: |  1  2  3  4  5  6  7  8  9 |
---------------+----------------------------+-----
Long Blades    | 3 4 5 6 7 8 |  8.0
Fighting       | 3 4 5 6 |  6.1
Dodging        | 3 |  3.6
Invocations    | 1 2 3 4 |  4.3
Stealth        | 4 5 |  5.4
Evocations     | 1 |  1.0

Action                   |  1- 3 |  4- 6 |  7- 9 || total
-------------------------+-------+-------+-------++-------
Melee: Falchion          |    92 |   137 |   315 ||   544
       Bite              |    30 |    58 |   155 ||   243
       Short sword       |       |    19 |     2 ||    21
       Rapier            |       |       |     5 ||     5
Evoke: Wand              |       |       |    14 ||    14
  Use: Potion            |       |     1 |       ||     1
       Scroll            |       |       |     6 ||     6
 Stab: Sleeping          |     9 |     9 |    19 ||    37
       Distracted        |       |     1 |       ||     1
  Eat: Chunk             |     1 |     7 |     9 ||    17
Armor: Robe              |    19 |     3 |       ||    22
       Leather armour    |       |    12 |    60 ||    72
Dodge: Dodged            |    66 |   112 |   278 ||   456
       Rpst.: Falchion   |    24 |    30 |    80 ||   134
